 Dungeon Crawl Stone Soup version 0.31-a0-667-g39726597b9 (webtiles) character file.

Game seed: 2553880274983735720

3742 garrulousMonolith the Basher (level 10, -3/63 HPs)
             Began as a Gargoyle Fighter on Sept 3, 2023.
             Was a Believer of the Shining One.
             Slain by Joseph
             ... wielding a +0 quarterstaff
              (8 damage)
             ... on level 8 of the Dungeon.
             The game lasted 00:09:21 (7169 turns).

garrulousMonolith the Basher (Gargoyle Fighter)     Turns: 7169, Time: 00:09:22

Health: -3/63      AC: 19    Str: 21    XL:     10   Next: 15%
Magic:  14/14      EV:  9    Int: 16    God:    the Shining One [**....]
Gold:   205        SH: 10    Dex: 17    Spells: 9/9 levels left

rFire   . . .        m - +2 broad axe (venom)
rCold   . . .        c - +0 buckler
rNeg    + + .        b - +0 scale mail
rPois   ∞            (no helmet)
rElec   +            (no cloak)
rCorr   .            f - +2 pair of gloves
SInv    .            A - +0 pair of boots
Will    .....        (no amulet) Stlth
                     k - +6 ring of intelligence
HPRegen 0.30/turn    q - +6 ring of dexterity
MPRegen 0.14/turn

%: no passive effects
@: glowing
A: sickness immunity, AC +7, negative energy resistance 1, electricity
resistance, torment resistance 1, petrification resistance, talons 1, large bone
plates 1, subdued magic 1
a: Renounce Religion, Divine Shield


You were on level 8 of the Dungeon.
You worshipped the Shining One.
The Shining One was pleased with you.
You visited 2 branches of the dungeon, and saw 9 of its levels.

You collected 400 gold pieces.
You spent 168 gold pieces at shops.
You donated 27 gold pieces to Zin.

Inventory:

Hand Weapons
 a - a +0 flail
 m - a +2 broad axe of venom (weapon)
Missiles
 n - 21 poisoned darts (quivered)
 v - 11 javelins
 D - 2 throwing nets
Armour
 b - a +0 scale mail (worn)
 c - a +0 buckler (worn)
 f - a +2 pair of gloves (worn)
 A - a +0 pair of boots (worn)
Jewellery
 k - a +6 ring of intelligence (left hand)
 o - a ring of magical power
 q - a +6 ring of dexterity (right hand)
 G - a ring of see invisible
Wands
 B - a wand of mindburst (12)
 F - a wand of flame (33)
Scrolls
 e - 3 scrolls of identify {unknown}
 h - a scroll of vulnerability
 i - a scroll of fog {unknown}
 l - 3 scrolls of enchant armour
 p - 7 scrolls of teleportation
 t - a scroll of poison {unknown}
 x - 2 scrolls of revelation
 y - a scroll of enchant weapon {unknown}
 E - 2 scrolls of immolation
 H - a scroll of noise {unknown}
Potions
 d - a potion of might
 g - 3 potions of enlightenment
 j - 4 potions of curing {unknown}
 r - 2 potions of heal wounds {unknown}
 s - 3 potions of brilliance
 u - 2 potions of mutation
 w - a potion of ambrosia {unknown}
 z - a potion of degeneration {unknown}
 C - a potion of berserk rage {unknown}
 I - a potion of cancellation {unknown}


   Skills:
 + Level 7.2 Fighting
 * Level 8.7 Maces & Flails
 + Level 7.2 Armour
 + Level 7.1 Shields
 + Level 6.0 Invocations


You had 9 spell levels left.
You didn't know any spells.
Your spell library contained the following spells:

 Spells                   Type           Power      Damage    Failure   Level
 Sting                    Tmut/Pois      0%         1d3       54%         1
 Lesser Beckoning         Tloc           0%         N/A       69%         2
 Poisonous Vapours        Pois/Air       0%         N/A       69%         2
 Searing Ray              Conj           0%         2d4       69%         2
 Gell's Gravitas          Tloc           0%         N/A       89%         3
 Hailstorm                Conj/Ice       0%         3d3       89%         3
 Ozocubu's Armour         Ice            0%         N/A       89%         3
 Teleport Other           Tloc           0%         N/A       89%         3
 Airstrike                Air            0%         2d(0-16)  100%        4
 Fulminant Prism          Conj/Hex       0%         3d5       100%        4
 Olgreb's Toxic Radiance  Pois           0%         N/A       100%        4
 Summon Ice Beast         Ice/Summ       0%         N/A       100%        4
 Iskenderun's Battlesphe  Conj           0%         2d6       100%        5
 Simulacrum               Ice/Necr       0%         N/A       100%        6
 Ozocubu's Refrigeration  Ice            0%         4d7       100%        7


Dungeon Overview and Level Annotations

Branches:
Dungeon (8/15)             Temple (1/1) D:5
   Lair: D:8-11

Altars:
Ashenzari
Cheibriados
Dithmenos
Elyvilon
Fedhas
Gozag
Hepliaklqana
Kikubaaqudgha
Makhleb
Nemelex Xobeh
Okawaru
Qazlal
Ru
Sif Muna
Trog
Uskayaw
Vehumet
Wu Jian
Xom
Zin
The Shining One

Shops:
D:4 =*   D:5 *

Portals:
Abyss: D:4

Annotations:
D:4 2 transporters, azzazzello's ghost, amateur DsGl
D:8 Joseph


Innate Abilities, Weirdness & Mutations

You are immune to sickness and miasma.
Your stone body is resilient. (AC +7)
You are immune to poison.
You resist negative energy. (rN+)
You are resistant to electric shocks. (rElec)
You are resistant to unholy torment.
You are immune to petrification.
You have sharp toenails.
You are partially covered in large bone plates. (SH +4)
Your spells are a little easier to cast, but a little less powerful.


Message History

You are too injured to fight recklessly!
You are too injured to fight recklessly!
You are too injured to fight recklessly!
You are too injured to fight recklessly!
You are too injured to fight recklessly!
You are too injured to fight recklessly!
You are too injured to fight recklessly!
You are too injured to fight recklessly!
You are too injured to fight recklessly!
You are too injured to fight recklessly!
You are too injured to fight recklessly!
You hit Joseph.
Joseph is poisoned.
Joseph is lightly wounded.
Joseph barely misses you.
You hit Joseph.
Joseph is lightly wounded.
Joseph hits you with a +0 quarterstaff.
You hit Joseph.
Joseph looks as sick as possible!
Joseph is lightly wounded.
Joseph hits you with a +0 quarterstaff! Joseph hits you but does no damage.
You hit Joseph.
Joseph looks as sick as possible!
Joseph is moderately wounded.
You block Joseph's attack.
You hit Joseph but do no damage.
Joseph looks as sick as possible!
Joseph is moderately wounded.
You block Joseph's attack. x2
You slash Joseph!
Joseph looks as sick as possible!
Joseph is heavily wounded.
Joseph hits you with a +0 quarterstaff.
You barely miss Joseph.
Joseph is heavily wounded.
You block Joseph's attack.
You slash Joseph!
Joseph is severely wounded.
Joseph hits you with a +0 quarterstaff. Joseph hits you with a +0 quarterstaff!
* * * LOW HITPOINT WARNING * * *
You hit Joseph.
Joseph looks as sick as possible!
Joseph is almost dead.
Joseph hits you with a +0 quarterstaff!
You die...

#...# ##### #.8.# #...#
#####...###.<.#
.$............ ####
...⌠........# #...
...........# #...
#.......###### #...
#.@@.........## #...
#........⌠....# #...
#...............###...
#.>.###...####...##...
#... #.8.# #.#.#....
##### #...# #.#......
#.########## ..#..#...
#..........###.##....##
#..........##..##..###


You could see Joseph (extremely poisoned).

Vanquished Creatures
  Pikel (D:6)
  A hornet (D:7)
  A wyvern (D:8)
  Eustachio (D:5)
  2 water moccasins
  An ice beast (D:6)
  A black bear (D:5)
  A sky beast (D:7)
  An ogre (D:6)
  A centaur (D:8)
  3 lemures (D:6)
  3 bullfrogs
  A kobold brigand (D:6)
  A gnoll sergeant (D:6)
  5 scorpions
  12 wights
  6 howler monkeys
  A hound (D:5)
  2 orc priests (D:5)
  2 sleepcaps
  A gnoll bouda (D:5)
  6 iguanas
  3 orc wizards
  Ijyb (D:4)
  10 gnolls
  9 adders
  A shadow imp (D:6)
  3 white imps
  2 worms
  2 dart slugs
  21 orcs
  8 ball pythons
  4 bats
  14 endoplasms
  5 giant cockroaches
  4 goblins
  9 hobgoblins
  A jackal (D:3)
  4 quokkas
  5 frilled lizards
  14 kobolds
  4 rats
  A butterfly (Temple)
179 creatures vanquished.

Notes
Turn   | Place    | Note
-------+----------+-------------------------------------------
     0 | D:1      | garrulousMonolith the Gargoyle Fighter began the quest for
                  | the Orb.
     0 | D:1      | Reached XP level 1. HP: 14/14 MP: 1/1
   162 | D:1      | Reached XP level 2. HP: 17/19 MP: 2/2
   296 | D:1      | Reached XP level 3. HP: 23/23 MP: 3/3
   806 | D:2      | Reached skill level 1 in Invocations
   862 | D:2      | Reached skill level 3 in Maces & Flails
   899 | D:2      | Reached XP level 4. HP: 28/29 MP: 4/4
  2030 | D:3      | Found a broken altar of Ashenzari.
  2228 | D:3      | Reached XP level 5. HP: 31/33 MP: 6/6
  2294 | D:3      | Identified the +0 leather armour "Maheg" {rCorr Str+3
                  | Slay-3}
  2463 | D:3      | Found a hazy altar of Hepliaklqana.
  2463 | D:3      | Found a white marble altar of Elyvilon.
  2464 | D:3      | Found a glowing silver altar of Zin.
  2611 | D:3      | Became a worshipper of Zin the Law-Giver
  2611 | D:3      | Reached * piety under Zin
  2696 | D:4      | Reached XP level 6. HP: 29/38 MP: 7/7
  2737 | D:4      | Reached skill level 4 in Maces & Flails
  2754 | D:4      | Found a blossoming altar of Fedhas.
  2948 | D:4      | Found a one-way gate to the infinite horrors of the Abyss.
  2948 | D:4      | Noticed azzazzello's ghost (amateur DsGl)
  2954 | D:4      | Found a transporter.
  2978 | D:4      | Found Forghid's Jewellery Shop.
  2999 | D:4      | Found Hablenwu's Gadget Gallery.
  3180 | D:4      | Found a transporter.
  3265 | D:4      | Noticed Ijyb
  3282 | D:4      | HP: 1/38 [constriction (1)]
  3284 | D:4      | Gained mutation: Your spells are a little easier to cast,
                  | but a little less powerful. [potion of mutation]
  3284 | D:4      | Gained mutation: You are dopey. (Int -2) [potion of
                  | mutation]
  3284 | D:4      | Gained mutation: You have sharp toenails. [potion of
                  | mutation]
  3287 | D:4      | Killed Ijyb
  3491 | D:5      | Entered Level 5 of the Dungeon
  3514 | D:5      | Found a shadowy altar of Dithmenos.
  3514 | D:5      | Found a hide-covered altar of Uskayaw.
  3632 | D:5      | Found Xici's Serpentskin Sales.
  3637 | D:5      | Bought a +2 broad axe of venom for 168 gold pieces
  3650 | D:5      | Reached XP level 7. HP: 44/44 MP: 9/9
  4011 | D:5      | Reached ** piety under Zin
  4059 | D:5      | Found a staircase to the Ecumenical Temple.
  4062 | D:5      | Reached skill level 5 in Maces & Flails
  4066 | Temple   | Entered the Ecumenical Temple
  4087 | Temple   | Fell from the grace of Zin
  4087 | Temple   | Became a worshipper of the Shining One
  4088 | Temple   | Lost mutation: You have sharp toenails. [potion of
                  | mutation]
  4088 | Temple   | Lost mutation: You are dopey. (Int -2) [potion of mutation]
  4088 | Temple   | Gained mutation: You are partially covered in large bone
                  | plates. (SH +4) [potion of mutation]
  4088 | Temple   | Gained mutation: You have sharp toenails. [potion of
                  | mutation]
  4116 | D:5      | Noticed Eustachio
  4139 | D:5      | Killed Eustachio
  4139 | D:5      | Reached * piety under the Shining One
  4140 | D:5      | Reached skill level 5 in Armour
  4140 | D:5      | Reached skill level 5 in Shields
  4142 | D:5      | Reached skill level 5 in Fighting
  4142 | D:5      | Reached XP level 8. HP: 15/49 MP: 10/10
  4813 | D:6      | Reached skill level 6 in Maces & Flails
  5237 | D:6      | Reached XP level 9. HP: 55/55 MP: 12/12
  5486 | D:6      | Noticed Pikel
  5490 | D:6      | Killed Pikel
  5491 | D:6      | Reached skill level 7 in Maces & Flails
  5491 | D:6      | Reached skill level 5 in Invocations
  5929 | D:7      | Reached ** piety under the Shining One
  6085 | D:7      | Reached skill level 8 in Maces & Flails
  6128 | D:7      | Noticed a hornet
  6132 | D:7      | Killed a hornet
  6190 | D:7      | Reached XP level 10. HP: 61/61 MP: 14/14
  6790 | D:8      | Found an iron altar of Okawaru.
  6841 | D:8      | Got Awugyi's Vellum of Assaults and Ozone
  7002 | D:8      | Found a shimmering altar of Xom.
  7154 | D:8      | Noticed Joseph
  7169 | D:8      | Slain by Joseph

Illustrated notes

Levels and vault maps discovered:
D:1:      dpeg_arrival_lava_altar, layout_loops_ring, minmay_tetromino_i2
D:2:      layout_basic, st_stairs_13, grunt_ministairs_3
D:3:      minmay_chambers_of_threes, layout_rooms,
          mainiacjoe_overflow_six_doors_small, gammafunk_temple_overflow_claw,
          minmay_surrounded
D:4:      layout_basic, kennysheep_mini, gammafunk_ghost_abyssal_escape,
          serial_shops, shop, nicolae_shop_gadgets, uniq_ijyb
D:5:      layout_loops_ring, chequers_temple_overflow_statue_of_worship,
          minmay_temple_entry_butterflies, guppyfry_shop_venom, uniq_eustachio
D:6:      layout_loops_ring, nicolae_elevator_lobby_plus, uniq_pikel
D:7:      layout_basic, corexii_item_surrounded_by_moat
D:8:      layout_rooms, okawaru_trees_1, tgw_xom,
          nicolae_elevator_lobby_asterisk, uniq_joseph
Temple:   minmay_temple_bridge_abc

Skill      XL: |  1  2  3  4  5  6  7  8  9 10 |
---------------+-------------------------------+-----
Invocations    | 1 2 3 4 5 6 |  6.0
Maces & Flails | 3 4 5 6 8 |  8.7
Fighting       | 4 5 6 7 |  7.2
Armour         | 4 5 6 7 |  7.2
Shields        | 4 5 6 7 |  7.1

Action                     |  1- 3 |  4- 6 |  7- 9 | 10-12 || total
---------------------------+-------+-------+-------+-------++-------
  Melee: Flail             |    99 |   219 |     8 |       ||   326
         Broad axe         |       |       |   223 |    36 ||   259
  Throw: Dart              |       |     5 |       |       ||     5
    Use: Scroll            |       |     4 |     1 |     2 ||     7
         Potion            |       |     3 |     1 |       ||     4
 Armour: Scale mail        |    70 |   187 |   171 |    33 ||   461
  Dodge: Dodged            |    54 |   109 |    85 |     9 ||   257
  Block: Buckler           |    12 |    61 |   134 |    21 ||   228

Table legend: (Time is in decaauts)
 A = Elapsed time spent in this place.
 B = Non-inter-level travel time spent in this place.
 C = Inter-level travel time spent in this place.
 D = Time resting spent in this place.
 E = Time spent auto-exploring this place.
 F = Levels seen in this place.
 G = Mean time per level.
                   A        B        C        D        E       F      G
               +--------+--------+--------+--------+--------+-----+--------+
         Total |   7368 |   7097 |    271 |    936 |   4809 |   9 |  818.7 |
       Dungeon |   7324 |   7071 |    253 |    936 |   4809 |   8 |  915.5 |
        Temple |     44 |     26 |     18 |      0 |      0 |   1 |   44.0 |
               +--------+--------+--------+--------+--------+-----+--------+

Top non-repeatable levels by time:
     D:2: 1281 daAuts
     D:5: 1219 daAuts
     D:6: 1203 daAuts
     D:7: 940 daAuts
     D:4: 820 daAuts
     D:1: 771 daAuts
     D:3: 696 daAuts
     D:8: 391 daAuts
  Temple: 44 daAuts
